 Dungeon Crawl Stone Soup version 0.31-a0-1576-ga3383bade6 (webtiles) character file.

Game seed: 6442777066246550871

24 Flugslaktarn the Apothecary (level 3, 21/21 HPs)
             Began as an Octopode Alchemist on Jan 4, 2024.
             Was a Follower of Vehumet.
             Quit the game on level 1 of the Dungeon.
             The game lasted 00:00:47 (174 turns).

Flugslaktarn the Apothecary (Octopode Alchemist)     Turns: 174, Time: 00:00:48

Health: 21/21      AC:  1    Str:  7    XL:     3   Next: 2%
Magic:  5/6        EV: 13    Int: 19    God:    Vehumet [*.....]
Gold:   0          SH:  0    Dex: 12    Spells: 5/6 levels left

rFire   . . .        b - +0 dagger
rCold   . . .        (no shield)
rNeg    . . .        (helmet restricted)
rPois   .            (no amulet)
rElec   .            (no ring)
rCorr   .            (no ring)
SInv    .            (no ring)
Will    .....        (no ring)
Stlth   +++          (no ring)
HPRegen 0.23/turn    (no ring)
MPRegen 0.10/turn    (no ring)
                     (no ring)

%: no passive effects
@: no status effects
A: almost no armour, amphibious, 8 rings, camouflage 1, gelatinous body 1,
(nimble swimmer 1), tentacles
a: Renounce Religion


You were on level 1 of the Dungeon.
You worshipped Vehumet.
Vehumet was aware of your devotion.
You visited 1 branch of the dungeon, and saw 2 of its levels.

Inventory:

Hand Weapons
 b - a +0 dagger (weapon)
   (You took it off a kobold on level 2 of the Dungeon)
Scrolls
 c - a scroll of teleportation {unknown}
 d - a scroll of vulnerability {unknown}
Potions
 a - a potion of magic
 e - a potion of heal wounds {unknown}


   Skills:
 - Level 2.0 Dodging
 - Level 2.6 Stealth
 + Level 2.4 Spellcasting
 - Level 1.0 Conjurations
 * Level 4.1 Alchemy


You had 5 spell levels left.
You knew the following spells:

 Your Spells              Type           Power      Damage    Failure   Level
a - Sting                 Conj/Alch      48%        1d6       5%          1

Your spell library contained the following spells:

 Spells                   Type           Power      Damage    Failure   Level
 Freeze                   Ice            8%         1d3       16%         1
 Mercury Vapours          Alch/Air       20%        N/A       11%         2
 Mephitic Cloud           Conj/Alch/Air  8%         N/A       24%         3
 Olgreb's Toxic Radiance  Alch           18%        N/A       28%         4
 Sticky Flame             Fire/Alch      10%        2d5       56%         4


Dungeon Overview and Level Annotations

Branches:
Dungeon (2/15)

Altars:
Vehumet


Innate Abilities, Weirdness & Mutations

You cannot wear most types of armour.
You are amphibious.
You can wear up to eight rings at the same time.
Your skin changes colour to match your surroundings (Stealth+).
Your rubbery body absorbs attacks. (AC +1, EV +1)
((You are camouflaged when in or above water. (Stealth+)))
You have tentacles for arms and can constrict up to eight enemies at once.


Message History

The bat misses you.
You see here a frilled lizard corpse.
The bat barely misses you.
You closely miss the bat. Your grab misses the bat. The bat closely misses you.
You barely miss the rat. You grab the rat. You squeeze the rat.
You kill the rat!
The bat closely misses you. The bat hits you but does no damage.
You hit the bat but do no damage. You grab the bat. You constrict the bat.
The bat misses you. x2
You hit the bat.
You kill the bat!
You hit the kobold but do no damage. Your grab misses the kobold.
A bat comes into view.
The kobold closely misses you.
You barely miss the kobold. Your grab misses the kobold.
The kobold hits you with a +0 dagger.
You hit the kobold but do no damage. Your grab misses the kobold.
You squeeze the kobold.
You kill the kobold!
You closely miss the bat. You grab the bat. You constrict the bat.
The bat misses you.
The bat struggles to escape constriction.
The goblin hits you but does no damage.
The bat escapes!
You hit the goblin. You grab the goblin.
The goblin is moderately wounded.
You constrict the goblin, but do no damage.
The bat misses you. The goblin hits you with a +0 club.
You hit the goblin.
The goblin is almost dead.
You constrict the goblin.
You kill the goblin!
The bat closely misses you. The bat hits you.
You hit the bat. Your grab misses the bat.
The bat is severely wounded.
The bat hits you but does no damage. The bat hits you but does no damage.
A bat comes into view.
You see here a ball python corpse.
The rat squeaks loudly.
The bat hits you. The bat hits you.
You hit the bat but do no damage. You grab the bat.
The bat is severely wounded.
You constrict the bat.
You kill the bat!
You closely miss the bat. You grab the bat.
You constrict the bat, but do no damage.
The bat hits you but does no damage.
The bat struggles to escape constriction.
The bat escapes!
You hit the bat. You grab the bat.
The bat is moderately wounded.
You constrict the bat. The bat hits you but does no damage.
The bat struggles to escape constriction.
The rat bites you but does no damage.
The bat escapes!
You barely miss the rat. You grab the rat. You constrict the rat.
The bat closely misses you. The rat barely misses you.
You hit the bat.
You kill the bat!
You constrict the rat.
You kill the rat!
You have reached level 3!
Your experience leads to an increase in your attributes!
Increase (s)trength, (i)ntelligence, or (d)exterity?
You feel clever. x2
Unknown command.
d - a scroll labelled FUIM ZYILL
Found a club.
Found a cloak.
There is a faded altar of an unknown god here.
This altar belongs to (a) Sif Muna, (b) Cheibriados or (c) Vehumet, but you can't tell which.
Press the corresponding letter to learn more about a god, or press enter to convert or escape to cancel.
Vehumet accepts your prayer! Vehumet welcomes you!
You can now gain magical power from killing.
Vehumet offers you knowledge of Freeze.
e - a glowing dark potion
Found a dagger.
Found a blade talisman.
A frilled lizard comes into view.
The frilled lizard hisses angrily.
Casting: Sting (safe; 5% risk of failure)
Confirm with . or Enter, or press ? or * to list all spells.
Aiming: Sting (safe; 5% risk of failure)
Press: ? - help, Shift-Dir - straight line, f - frilled lizard
Aim: a frilled lizard (53% to hit)
The sting misses the frilled lizard.
The frilled lizard attacks as it pursues you!
The frilled lizard barely misses you.
You miss the frilled lizard. Your grab misses the frilled lizard.
The frilled lizard misses you.
You closely miss the frilled lizard. Your grab misses the frilled lizard.
Your squeeze misses the frilled lizard. The frilled lizard barely misses you.
You hit the frilled lizard. Your grab misses the frilled lizard.
The frilled lizard is heavily wounded.
The frilled lizard misses you.
You hit the frilled lizard.
You kill the frilled lizard!
Vehumet accepts your kill.
You see here a frilled lizard corpse.
Are you sure you want to abandon this character and quit the game? (Confirm with "yes".)

#.....PP._.♣..##+#..######.
#####..P..♣.......#.. .
#..PP♣♣......)###
#.............'.
#.............#
#.#.....).....#
...##.....[....#
#.#####....)....#
#.......@.......#
###......####....# #.....%#
##.# ##.....# # #......
##+#... .... ###.#


There were no monsters in sight!

Vanquished Creatures
  An adder (D:2)
  2 ball pythons (D:1)
  4 bats (D:1)
  A goblin (D:1)
  A quokka (D:1)
  3 frilled lizards
  3 kobolds
  2 rats (D:1)
17 creatures vanquished.

Notes
Turn   | Place    | Note
-------+----------+-------------------------------------------
     0 | D:1      | Flugslaktarn the Octopode Alchemist began the quest for the
                  | Orb.
     0 | D:1      | Reached XP level 1. HP: 11/11 MP: 3/3
    76 | D:2      | Reached XP level 2. HP: 8/17 MP: 0/5
    87 | D:1      | Found a faded altar of an unknown god.
   106 | D:1      | Reached skill level 4 in Alchemy
   144 | D:1      | Reached XP level 3. HP: 18/21 MP: 3/6
   150 | D:1      | Prayed at the altar of an unknown god.
   150 | D:1      | Became a worshipper of Vehumet
   150 | D:1      | Reached * piety under Vehumet
   150 | D:1      | Offered knowledge of Freeze by Vehumet.
   174 | D:1      | Quit the game

Illustrated notes

Levels and vault maps discovered:
D:1:      dpeg_arrival_lava_altar, layout_basic,
          dreamdust_ecumenical_altar_grove
D:2:      layout_basic, uniq_jessica, uniq_natasha

Skill      XL: |  1  2 |
---------------+-------+-----
Alchemy        | 4 |  4.1
Dodging        | |  2.0
Stealth        | |  2.6
Spellcasting   | |  2.4
Conjurations   | |  1.0

Action                     || total
---------------------------++-------
  Melee: Dagger            ||    29
         Tentacles         ||     6
         Unarmed           ||     2
         Constrict         ||    10
   Cast: Sting             ||     9
   Stab: Sleeping          ||     2
 Armour: Skin              ||    18
  Dodge: Dodged            ||    28

Table legend: (Time is in decaauts)
 A = Elapsed time spent in this place.
 B = Non-inter-level travel time spent in this place.
 C = Inter-level travel time spent in this place.
 D = Time resting spent in this place.
 E = Time spent auto-exploring this place.
 F = Levels seen in this place.
 G = Mean time per level.
                   A        B        C        D        E       F      G
               +--------+--------+--------+--------+--------+-----+--------+
         Total |    172 |    172 |      0 |      0 |     32 |   2 |   86.0 |
       Dungeon |    172 |    172 |      0 |      0 |     32 |   2 |   86.0 |
               +--------+--------+--------+--------+--------+-----+--------+

Top non-repeatable levels by time:
     D:1: 118 daAuts
     D:2: 54 daAuts
